 Dungeon Crawl Stone Soup version 0.24.0-13-gcf9b3192b9 (webtiles) character file.

Game seed: 6069217629079815812, levelgen mode: deterministic

402 Alabard the Caller (level 6, -1/32 HPs)
             Began as a Tengu Summoner on Nov 9, 2019.
             Killed by nerve-wracking pain
             ... invoked by an orc priest
              (14 damage)
             ... on level 5 of the Dungeon.
             The game lasted 00:32:31 (7148 turns).

Alabard the Caller (Tengu Summoner)                 Turns: 7148, Time: 00:32:32

Health: -1/32      AC:  3    Str:  8    XL:     6   Next: 85%
Magic:  8/12       EV: 32    Int: 18    God:
Gold:   185        SH:  0    Dex: 16    Spells: 3/12 levels left

rFire    . . .     SeeInvis .   t - +3 dagger (protect)
rCold    . . .     Gourm    .   (no shield)
rNeg     . . .     Faith    .   p - +0 robe (curse)
rPois    .         Spirit   .   (helmet restricted)
rElec    .         Reflect  .   i - +0 cloak
rCorr    .         Harm     .   (no gloves)
MR       .....                  (boots unavailable)
Stlth    ++........             n - amulet of the acrobat
HPRegen  0.10/turn              j - +2 ring of dexterity
MPRegen  0.13/turn              r - ring of attention

@: acrobat, flying quickly and evasively, quick
A: beak, talons 3, able to fly
a: Stop Flying


You were on level 5 of the Dungeon.
You were not hungry.

You visited 1 branch of the dungeon, and saw 5 of its levels.

You collected 185 gold pieces.

Inventory:

Hand Weapons
 t - a +3 dagger of protection (weapon)
Missiles
 e - 14 bolts (quivered)
 l - 89 arrows
Armour
 a - a +0 robe
 i - a +0 cloak (worn)
 p - a cursed +0 robe (worn)
Jewellery
 j - a +2 ring of dexterity (left hand)
 n - an amulet of the acrobat (around neck)
 r - a ring of attention (right hand)
Wands
 q - a wand of paralysis (7)
 w - a wand of enslavement (12)
 x - a wand of random effects (16)
 A - a wand of disintegration (11)
Scrolls
 f - a scroll of magic mapping
 k - 3 scrolls of teleportation
 o - 3 scrolls of enchant weapon
 u - a scroll of remove curse
 v - a scroll of amnesia {unknown}
 y - a scroll of blinking
Potions
 b - a potion of magic {unknown}
 d - a potion of curing {unknown}
 g - a potion of flight {unknown}
 h - 2 potions of berserk rage
 m - a potion of heal wounds {unknown}
 s - a potion of lignification {unknown}
 z - a potion of ambrosia {unknown}
Comestibles
 c - 7 rations


   Skills:
 + Level 4.1 Dodging
 + Level 4.2 Stealth
 + Level 3.6 Spellcasting
 + Level 6.3 Summonings


You had 3 spell levels left.
You knew the following spells:

 Your Spells              Type           Power        Failure   Level  Hunger
a - Summon Small Mammal   Summ           ####         1%          1    None
b - Call Imp              Summ           ####....     1%          2    ##.....
c - Call Canine Familiar  Summ           ####....     3%          3    ###....
d - Summon Guardian Gole  Hex/Summ       ##......     12%         3    ###....

Your spell library contained the following spells:

 Spells                   Type           Power        Failure   Level  Hunger
 Magic Dart               Conj           #...         16%         1    None
 Blink                    Tloc           N/A          24%         2    ##.....
 Slow                     Hex            #.......     24%         2    ##.....
 Conjure Flame            Conj/Fire      #.......     43%         3    ###....
 Mephitic Cloud           Conj/Pois/Air  #.......     43%         3    ###....
 Summon Ice Beast         Ice/Summ       ##......     38%         4    ####...
 Summon Lightning Spire   Summ/Air       ##......     38%         4    ####...


Dungeon Overview and Level Annotations

Branches:
Dungeon (5/15)
 Temple: D:4-7

Altars:
Cheibriados

Annotations:
D:5 1 transporter


Innate Abilities, Weirdness & Mutations

You have a beak for a mouth.
You have claws for feet.
You can fly continuously.


Message History

Press: ? - help, Dir - move target cursor, f/p - orc priest
Aim: an orc priest, wielding a +0 flail Attack!
Your white imp hits the plant.
Your white imp freezes the plant.
Your crimson imp hits the plant but does no damage.
Your white imp hits the plant but does no damage.
Your crimson imp hits the plant but does no damage.
You see here a scroll of identify.
Your white imp hits the plant but does no damage.
Your crimson imp hits the plant but does no damage.
Your white imp disappears in a puff of smoke!
You see here a scroll of identify.
The shadow imp gestures at you.
You barely resist.
The orc priest mumbles some strange prayers to Beogh against you.
You barely resist. The shadow imp gestures at you.
Pain shoots through your body!
The orc priest mumbles some strange prayers to Beogh against you.
Pain shoots through your body!
You die...

....################### #
.##.#.................#..
.##.#.###############.#.#
......#8≈#..(...5#P8#.#.#
..#.#.#P.#≈≈≈≈≈≈≈#.P#.#.#
......#$.#..≈P≈..#..#...#
.....©#©=+..≈⌠P?.5.©#©..#
.###..#$.#..≈≈≈..#5.#...#
.#
##.#P.#≈≈≈≈≈≈@#.P#.#......
.#
#.#8≈#....55o#P8#.#......
+#
#.###############.#.##.#.
#.................#.. .#
#########.######### . #
#.# ..# .... .....


You could see an orc priest, 3 shadow imps, a friendly crimson imp and a
friendly white imp.

Vanquished Creatures
  2 hounds
  A worker ant (D:4)
  2 gnolls (D:3)
  2 adders (D:3)
  2 adder zombies (D:5)
  A worm (D:3)
  3 dart slugs
  A leopard gecko (D:2)
  An orc (D:4)
  9 bats
  4 giant cockroaches
  3 goblins
  7 hobgoblins
  2 jackals
  7 kobolds
  A quokka (D:3)
  3 frilled lizards
  3 rats
54 creatures vanquished.

Vanquished Creatures (collateral kills)
  3 ogres (D:4)
  A hound (D:4)
  A worker ant (D:3)
  2 gnolls (D:3)
  5 adders
  A worm (D:4)
  3 dart slugs
  3 leopard geckos
  5 orcs
  A giant cockroach (D:1)
  5 goblins
  3 hobgoblins
  7 jackals
  A quokka (D:2)
  A ball python (D:2)
  4 bats
  4 frilled lizards
  4 kobolds
  2 rats
56 creatures vanquished.

Grand Total: 110 creatures vanquished

Notes
Turn   | Place    | Note
-------+----------+-------------------------------------------
     0 | D:1      | Alabard the Tengu Summoner began the quest for the Orb.
     0 | D:1      | Reached XP level 1. HP: 10/10 MP: 4/4
   368 | D:1      | Reached XP level 2. HP: 7/15 MP: 4/6
   533 | D:1      | Reached skill level 5 in Summonings
  1738 | D:1      | Reached XP level 3. HP: 19/19 MP: 7/7
  1807 | D:2      | Learned a level 2 spell: Call Imp
  1811 | D:2      | Learned a level 3 spell: Call Canine Familiar
  2693 | D:2      | Reached XP level 4. HP: 11/24 MP: 4/8
  4287 | D:3      | Gained mutation: You can fly continuously. [Tengu growth]
  4287 | D:3      | Reached XP level 5. HP: 14/28 MP: 6/10
  5044 | D:4      | Learned a level 3 spell: Summon Guardian Golem
  5378 | D:4      | Noticed an ogre
  5847 | D:4      | Killed an ogre
  5847 | D:4      | Reached skill level 6 in Summonings
  5847 | D:4      | Reached XP level 6. HP: 3/32 MP: 6/12
  6327 | D:4      | Found a snail-covered altar of Cheibriados.
  6746 | D:5      | Entered Level 5 of the Dungeon
  6861 | D:5      | Found a transporter.
  6882 | D:5      | Found a transporter.
  7148 | D:5      | Killed from afar by an orc priest

Levels and vault maps discovered:
D:1:      mrwooster_arrival_statue, layout_basic, chequers_serial_rivers_micro_e
D:2:      minmay_spotlight, layout_basic
D:3:      layout_loops_ring
D:4:      layout_loops_ring, kennysheep_slug_shrine, serial_forest,
          infiniplex_forest_corner_2, infiniplex_forest_clump_long,
          infiniplex_forest_clump_diagonal, infiniplex_forest_straight_4,
          infiniplex_forest_lined_3, infiniplex_forest_lined_4_way,
          infiniplex_forest_lined_corner, minmay_quantized
D:5:      gammafunk_wand_slinger, layout_loops_corners,
          minmay_temple_entry_nine_rooms, first_ration

Skill      XL: |  1  2  3  4  5  6 |
---------------+-------------------+-----
Summonings     | 5 6 |  6.3
Stealth        | 3 4 |  4.2
Dodging        | 3 4 |  4.1
Spellcasting   | 3 |  3.6

Action                   |  1- 3 |  4- 6 || total
-------------------------+-------+-------++-------
Melee: Dagger            |    87 |    82 ||   169
       Peck              |    10 |    11 ||    21
       Kick              |    15 |    26 ||    41
       Spear             |       |    29 ||    29
       Short sword       |       |    16 ||    16
 Cast: Summon Small Mamm |    21 |     1 ||    22
       Call Canine Famil |     9 |    13 ||    22
       Call Imp          |     1 |    24 ||    25
       Summon Guardian G |       |     5 ||     5
 Abil: Fly               |       |     1 ||     1
  Use: Scroll            |       |     9 ||     9
 Stab: Sleeping          |     2 |     8 ||    10
       Distracted        |       |     1 ||     1
  Eat: Chunk             |     6 |    12 ||    18
       Ration            |       |     2 ||     2
Armor: Robe              |    32 |    18 ||    50
Dodge: Dodged            |   102 |   122 ||   224
